 Dungeon Crawl Stone Soup version 0.20-a0-433-g9e36e56 (webtiles) character file.

119 Kriby the Magician (level 4, 0/30 HPs)
             Began as a Mummy Fire Elementalist on Jan 4, 2017.
             Slain by an orc wizard
             ... wielding a +0 dagger
              (3 damage)
             ... on level 3 of the Dungeon.
             The game lasted 00:02:46 (2908 turns).

Kriby the Magician (Mummy Fire Elementalist)        Turns: 2908, Time: 00:02:47

Health: 0/30       AC:  2    Str: 11    XL:     4   Next: 74%
Magic:  0/9        EV: 12    Int: 20    God:
Gold:   98         SH:  0    Dex: 12    Spells: 0/10 levels left

rFire  x . .     SeeInvis .     g - +1 hand axe (flame)
rCold  + . .     Gourm    .     a - +0 robe
rNeg   + + +     Faith    .     (no shield)
rPois  ∞         Spirit   .     (no helmet)
rElec  .         Reflect  .     (no cloak)
rCorr  .         Harm     .     (no gloves)
MR     .....                    (no boots)
Stlth  ++........               (no amulet)
                                (no ring)
                                f - +5 ring of intelligence

@: no status effects
A: no food or potions, fire vulnerability, cold resistance 1, negative energy
resistance 3, torment resistance, unbreathing
a: no special abilities


You were on level 3 of the Dungeon.
You were not hungry.

You visited 1 branch of the dungeon, and saw 3 of its levels.

You collected 98 gold pieces.

Inventory:

Hand Weapons
 g - a +1 hand axe of flaming (weapon)
Armour
 a - a +0 robe (worn)
Jewellery
 f - a +5 ring of intelligence (left hand)
 j - an uncursed ring of ice {unknown}
Scrolls
 c - a scroll of enchant armour {unknown}
 d - 4 scrolls of remove curse {unknown}
 e - a scroll of fear {unknown}
 h - a scroll of identify {unknown}
 i - a scroll of noise {unknown}
Books
 b - a book of Flames

   Spells                             Type                      Level
   a - Flame Tongue                   Conjuration/Fire             1
   b - Throw Flame                    Conjuration/Fire             2
   c - Conjure Flame                  Conjuration/Fire             3
   d - Inner Flame                    Hexes/Fire                   3
   e - Sticky Flame                   Conjuration/Fire             4
   f - Fireball                       Conjuration/Fire             5


   Skills:
 - Level 1.5 Dodging
 - Level 1.5 Stealth
 + Level 3.9 Spellcasting
 * Level 2.7 Conjurations
 + Level 3.0 Fire Magic


You couldn't memorise any spells.
You knew the following spells:

 Your Spells              Type           Power        Failure   Level  Hunger
a - Flame Tongue          Conj/Fire      ###..        4%          1    N/A
b - Conjure Flame         Conj/Fire      ###.....     14%         3    N/A
c - Sticky Flame          Conj/Fire      ###.....     45%         4    N/A
d - Throw Flame           Conj/Fire      ###...       10%         2    N/A

Dungeon Overview and Level Annotations

Branches:
Dungeon (3/15)

Altars:
Gozag
The Shining One


Innate Abilities, Weirdness & Mutations

You do not eat or drink.
Your flesh is vulnerable to fire.
You are immune to poison.
Your flesh is cold resistant. (rC+)
You are immune to negative energy. (rN+++)
You are immune to unholy pain and torment.
You can survive without breathing.


Message History

The flame tongue hits the orc wizard.
The orc wizard is heavily wounded.
The orc wizard closely misses you.
Casting: Flame Tongue
Confirm with . or Enter, or press ? or * to list all spells.
Aiming: Flame Tongue
Press: ? - help, Shift-Dir - straight line, f/p - orc wizard
Aim: an orc wizard, wielding a dagger and wearing a robe (heavily wounded, fast)
The flame tongue hits the orc wizard.
The orc wizard appears unharmed.
The orc wizard is heavily wounded.
The orc wizard hits you but does no damage.
Casting: Flame Tongue
Confirm with . or Enter, or press ? or * to list all spells.
Aiming: Flame Tongue
Press: ? - help, Shift-Dir - straight line, f/p - orc wizard
Aim: an orc wizard, wielding a dagger and wearing a robe (heavily wounded, fast)
The flame tongue misses the orc wizard.
The flame tongue hits the rat.
You kill the rat!
The orc wizard hits you with a dagger.
You die...

..8.#.8.#....... ....#...####..##
...###...###..###################
..#####..........................
...................).<##########.
#.......####.################ #.
..###..§.o.....# #.........# #.
..###.########.####.........# #.
...............o@...........# #.
...#....##########..........# #.
...#....+ ##.........# #. .#
##...# #.........# ##. #...#
#.........# #.. #...# #.........#
#.. #...# #.........# #.. #...#
#.........# #.. #.........###..


You could see an orc wizard.

Vanquished Creatures
  5 adders (D:2)
  2 worms (D:2)
  A leopard gecko (D:1)
  4 orcs (D:3)
  8 giant cockroaches
  5 goblins
  6 hobgoblins
  3 jackals (D:3)
  5 kobolds
  3 quokkas
  6 bats
  2 frilled lizards (D:1)
  14 rats
64 creatures vanquished.

Notes
Turn   | Place    | Note
-------+----------+-------------------------------------------
     0 | D:1      | Kriby the Mummy Fire Elementalist began the quest for the Orb.
     0 | D:1      | Reached XP level 1. HP: 13/13 MP: 4/4
    24 | D:1      | Reached skill level 1 in Conjurations
   168 | D:1      | Reached XP level 2. HP: 19/19 MP: 3/6
  1354 | D:1      | Reached XP level 3. HP: 22/24 MP: 3/7
  1646 | D:2      | Reached XP level 4. HP: 30/30 MP: 3/9
  1918 | D:2      | Found an opulent altar of Gozag.
  2225 | D:2      | Learned a level 3 spell: Conjure Flame
  2230 | D:2      | Learned a level 4 spell: Sticky Flame
  2233 | D:2      | Learned a level 2 spell: Throw Flame
  2384 | D:2      | Found a glowing golden altar of the Shining One.
  2891 | D:3      | HP: 1/30 [orc wizard/magic dart (5)]
  2908 | D:3      | Slain by an orc wizard

Vault maps used:
D:1:      onia_arrival_larder, kennysheep_flooded_box, columned_hall_lemuel
D:2:      tso_oasis_becter, nicolae_gozag_seed_capital
D:3:      first_bread, minmay_misc_feat_columns, mrwooster_statue_mirror

Skill      XL: |  1  2  3  4 |
---------------+-------------+-----
Conjurations   | 1 2 |  2.7
Spellcasting   | 3 |  3.9
Fire Magic     | 3 |  3.0
Dodging        | |  1.5
Stealth        | |  1.5

Action                   |  1- 3 |  4- 6 || total
-------------------------+-------+-------++-------
Melee: Hand axe          |     1 |     1 ||     2
 Cast: Flame Tongue      |    62 |    53 ||   115
       Throw Flame       |       |     5 ||     5
Armor: Robe              |     9 |     2 ||    11
Dodge: Dodged            |    26 |    13 ||    39
